Senateurs vs Avalanche
(R2)
Created - February 3, 2018 at 20:18
Goals
|
| Senateurs |
0 |
0 |
3 |
3 |
| Avalanche |
1 |
0 |
0 |
1 |
|
Shots
|
| Senateurs |
7 |
4 |
14 |
25 |
| Avalanche |
10 |
13 |
14 |
37 |
|
1st period
1. Avalanche , Bryan Little 23 (Mikkel Boedker 31) at 11:54
Penalties :
Brenden Morrow (Ott) for Hooking (Minor) at 1:20, Brandon Dubinsky (Ott) for High sticking (Minor) at 4:24, B.J. Crombeen (Ott) for Tripping (Minor) at 18:37
2nd period
No Goal
Penalties :
Brenden Morrow (Ott) for Hooking (Minor) at 1:56, Cody Franson (Ott) for Interference (Minor) at 8:12, Ryan Smyth (Col) for Hooking (Minor) at 10:36
3rd period
2. Senateurs , Brenden Morrow 15 (Evgeni Malkin 32, Johan Franzen 17) at 1:41 (PP)
3. Senateurs , Evgeni Malkin 29 (Kurtis Foster 22, Brenden Morrow 25) at 3:14 (PP)
4. Senateurs , Ramzi Abid 8 (Dan Hamhuis 18, Evgeni Malkin 33) at 6:57
Penalties :
Mikkel Boedker (Col) for Cross-checking (Minor) at 1:00, Paul Stastny (Col) for Cross-checking (Minor) at 2:57, Ramzi Abid (Ott) for Roughing (Minor) at 3:59, Matt Lashoff (Col) for Hooking (Minor) at 12:44, Cody Franson (Ott) for Roughing (Minor) at 13:36, Andrei Kostitsyn (Col) for Boarding (Double Minor) at 17:42
Goalie Stats
Jeff Deslauriers (Ott), 36 saves from 37 shots - (0.973), W, 7-7-0, 60:00 minutes
Semyon Varlamov (Col), 22 saves from 25 shots - (0.880), L, 23-13-4, 60:00 minutes
Players Stats for Senateurs
Player Name G A P +/- PIM S H SB GA TA FO MP PP MP PK MP
------------------------------------------------------------------------------------
Arturs Kulda 0 0 0 0 0 0 0 0 0 0 0/0 5:41 0:00 0:00
B.J. Crombeen 0 0 0 0 2 1 2 0 0 0 0/0 18:49 2:18 3:48
Brandon Dubinsky 0 0 0 0 2 3 2 0 0 0 2/4 13:52 0:15 0:25
Brenden Morrow 1 1 2 -1 4 6 0 4 1 0 1/5 23:55 3:33 5:26
Brooks Orpik 0 0 0 0 0 0 0 0 0 0 0/0 6:59 0:00 0:03
Carlo Colaiacovo 0 0 0 0 0 2 1 0 0 0 0/0 19:45 2:08 6:19
Cody Franson 0 0 0 0 4 1 1 0 0 1 0/0 17:49 2:07 4:36
Cody Hodgson 0 0 0 0 0 0 1 1 0 1 3/9 14:20 2:18 0:00
Dan Girardi 0 0 0 0 0 1 0 0 0 0 0/0 5:58 0:00 0:09
Dan Hamhuis 0 1 1 0 0 0 1 0 0 1 0/0 28:01 3:58 6:27
David Krejci 0 0 0 0 0 0 0 0 0 0 0/1 3:59 0:11 0:00
Evgeni Malkin 1 2 3 0 0 4 3 2 0 0 19/37 25:56 3:37 7:45
Johan Franzen 0 1 1 -1 0 3 1 0 0 1 1/2 19:40 3:37 4:06
Kurtis Foster 0 1 1 0 0 1 1 3 0 0 0/0 28:01 3:58 6:27
Pascal Dupuis 0 0 0 0 0 1 0 0 0 0 0/0 12:21 0:11 0:00
Ramzi Abid 1 0 1 1 2 2 0 1 0 2 1/1 17:00 2:18 1:23
Sergei Kostitsyn 0 0 0 1 0 0 1 1 1 1 0/0 15:50 0:00 2:39
Vladimir Mihalik 0 0 0 0 0 0 0 0 0 0 0/0 8:04 0:00 1:31
Players Stats for Avalanche
Player Name G A P +/- PIM S H SB GA TA FO MP PP MP PK MP
------------------------------------------------------------------------------------
Alexander Radulov 0 0 0 0 0 3 0 0 0 0 0/0 10:55 0:00 1:22
Andrei Kostitsyn 0 0 0 0 4 5 2 0 0 0 0/1 16:24 5:22 1:00
Andrew Ladd 0 0 0 0 0 1 1 0 0 0 0/0 10:09 0:00 0:36
Brandon Yip 0 0 0 0 0 2 1 0 0 0 0/0 15:13 5:19 0:00
Bryan Little 1 0 1 1 0 4 1 0 2 0 21/38 25:27 7:24 3:54
Chuck Kobasew 0 0 0 -1 0 1 0 0 1 0 0/0 7:23 0:00 0:00
Corey Perry 0 0 0 1 0 4 1 0 0 1 0/1 25:14 7:24 3:41
Cory Emmerton 0 0 0 -1 0 0 2 0 0 0 2/2 7:23 0:00 0:00
Jack Johnson 0 0 0 1 0 2 1 1 1 0 0/0 27:26 7:25 3:28
Jay Bouwmeester 0 0 0 0 0 2 1 2 0 0 0/0 21:51 5:21 2:23
Marc Staal 0 0 0 1 0 1 0 4 1 0 0/0 27:26 7:25 3:28
Mark Giordano 0 0 0 -1 0 1 0 0 0 0 0/0 10:28 0:00 0:00
Matt Lashoff 0 0 0 -1 2 1 0 0 0 0 0/0 10:48 0:03 0:18
Mike Comrie 0 0 0 0 0 1 1 1 0 1 2/4 9:55 0:00 0:22
Mikkel Boedker 0 1 1 1 2 8 4 0 2 0 5/5 21:26 7:27 1:17
Paul Stastny 0 0 0 0 2 1 0 0 0 0 2/8 15:12 5:19 0:00
Pernell Karl Subban 0 0 0 0 0 0 0 0 0 0 0/0 22:03 5:21 2:35
Ryan Smyth 0 0 0 -1 2 0 1 0 0 0 0/0 7:59 0:00 0:00
3 Stars
1 - Jeff Deslauriers (Ott)
2 - Evgeni Malkin (Ott)
3 - Bryan Little (Col)
Power Play
Senateurs - 2 on 6 Attempt(s) - 33.33%
Avalanche - 0 on 7 Attempt(s) - 0.00%
Penalty Kill
Senateurs - 7 on 7 Attempt(s) - 100.00%
- Score 0 goal in Penalty Kill
Avalanche - 4 on 6 Attempt(s) - 66.67%
- Score 0 goal in Penalty Kill
Team Stat
Senateurs - Hits : 14 - Faceoff Wins : 27 - Blocked Shots : 12 - Penalty Minutes : 14
Avalanche - Hits : 16 - Faceoff Wins : 32 - Blocked Shots : 8 - Penalty Minutes : 12
Official
Referees : Jackson Dave and Joannette Marc
Linesman : David Brisebois and Shane Heyer
Game Notes
No Game Note
Finance
Level 1 -- Attendance: 6000 (100.00%) -- Ticket Income $534,000
Level 2 -- Attendance: 4393 (87.86%) -- Ticket Income $241,615
Level 3 -- Attendance: 2000 (100.00%) -- Ticket Income $66,000
Level 4 -- Attendance: 3902 (97.55%) -- Ticket Income $89,746
Luxury Box -- Attendance: 777 (77.70%) -- Ticket Income $133,644
Game was played at the Pepsi Center.
Total Attendance: 17072 (94.84%)
Total Ticket Income: $1,065,005
Other Income: $159,751
Total Income: $1,224,756
Senateurs
5 vs 5 Forward
Center Left Wing Right Wing Time % Phy DF OF
1 Evgeni Malkin Brenden Morrow Johan Franzen 40 1 2 2
2 Cody Hodgson Ramzi Abid B.J. Crombeen 30 1 2 2
3 Brandon Dubinsky Sergei Kostitsyn Pascal Dupuis 20 1 2 2
4 David Krejci Evgeni Malkin Brenden Morrow 10 1 2 2
5 vs 5 Defense
Defense Defense Time % Phy DF OF
1 Dan Hamhuis Kurtis Foster 40 1 2 2
2 Cody Franson Carlo Colaiacovo 30 1 2 2
3 Brooks Orpik Vladimir Mihalik 20 1 2 2
4 Dan Girardi Arturs Kulda 10 1 2 2
PowerPlay Forward
Center Left Wing Right Wing Time % Phy DF OF
1 Evgeni Malkin Brenden Morrow Johan Franzen 60 1 2 2
2 Cody Hodgson Ramzi Abid B.J. Crombeen 40 1 2 2
PowerPlay Defense
Defense Defense Time % Phy DF OF
1 Dan Hamhuis Kurtis Foster 60 1 2 2
2 Cody Franson Carlo Colaiacovo 40 1 2 2
Penalty Kill 4 Players Forward
Center Wing Time % Phy DF OF
1 Evgeni Malkin Brenden Morrow 60 1 2 2
2 Johan Franzen B.J. Crombeen 40 1 2 2
Penalty Kill 4 Players Defense
Defense Defense Time % Phy DF OF
1 Dan Hamhuis Kurtis Foster 60 1 2 2
2 Cody Franson Carlo Colaiacovo 40 1 2 2
Penalty Kill - 3 Players Forward
Forward Time % Phy DF OF
1 Evgeni Malkin 60 1 2 2
2 Brenden Morrow 40 1 2 2
Penalty Kill - 3 Players Defense
Defense Defense Time % Phy DF OF
1 Dan Hamhuis Kurtis Foster 60 1 2 2
2 Cody Franson Carlo Colaiacovo 40 1 2 2
4 vs 4 Forward
Center Wing Time % Phy DF OF
1 Evgeni Malkin Brenden Morrow 60 1 2 2
2 Johan Franzen B.J. Crombeen 40 1 2 2
4 vs 4 Defense
Defense Defense Time % Phy DF OF
1 Dan Hamhuis Kurtis Foster 60 1 2 2
2 Cody Franson Carlo Colaiacovo 40 1 2 2
Last Minutes Offensive
Center Left Wing Right Wing Defense Defense
Evgeni Malkin Brenden Morrow Johan Franzen Dan Hamhuis Kurtis Foster
Last Minutes Defensive
Center Left Wing Right Wing Defense Defense
Evgeni Malkin Brenden Morrow Johan Franzen Dan Hamhuis Kurtis Foster
Goaltenders
Starting : Jeff Deslauriers
Backup : Ondrej Pavelec
Extra Forwards
Normal : Brandon Dubinsky, David Krejci, Sergei Kostitsyn - PP : Brandon Dubinsky, David Krejci - PK : Sergei Kostitsyn
Extra Defensemen
Normal : Brooks Orpik, Vladimir Mihalik, Dan Girardi - PP : Brooks Orpik - PK : Vladimir Mihalik, Dan Girardi
Penalty Shots
Evgeni Malkin, Brenden Morrow, Johan Franzen, B.J. Crombeen, Cody Hodgson
Scratches
Milan Hejduk (Healthy), Ryan Malone (Healthy), Thomas Vanek (Healthy)
Avalanche
5 vs 5 Forward
Center Left Wing Right Wing Time % Phy DF OF
1 Bryan Little Mikkel Boedker Corey Perry 40 1 2 2
2 Paul Stastny Andrei Kostitsyn Brandon Yip 30 1 2 2
3 Mike Comrie Andrew Ladd Alexander Radulov 20 1 2 2
4 Cory Emmerton Ryan Smyth Chuck Kobasew 10 1 2 2
5 vs 5 Defense
Defense Defense Time % Phy DF OF
1 Jack Johnson Marc Staal 40 1 2 2
2 Pernell Karl Subban Jay Bouwmeester 30 1 2 2
3 Mark Giordano Matt Lashoff 20 1 2 2
4 Jack Johnson Marc Staal 10 1 2 2
PowerPlay Forward
Center Left Wing Right Wing Time % Phy DF OF
1 Bryan Little Mikkel Boedker Corey Perry 60 1 2 2
2 Paul Stastny Andrei Kostitsyn Brandon Yip 40 1 2 2
PowerPlay Defense
Defense Defense Time % Phy DF OF
1 Jack Johnson Marc Staal 60 1 2 2
2 Pernell Karl Subban Jay Bouwmeester 40 1 2 2
Penalty Kill 4 Players Forward
Center Wing Time % Phy DF OF
1 Bryan Little Corey Perry 60 1 2 2
2 Mikkel Boedker Andrei Kostitsyn 40 1 2 2
Penalty Kill 4 Players Defense
Defense Defense Time % Phy DF OF
1 Jack Johnson Marc Staal 60 1 2 2
2 Pernell Karl Subban Jay Bouwmeester 40 1 2 2
Penalty Kill - 3 Players Forward
Forward Time % Phy DF OF
1 Bryan Little 60 1 2 2
2 Corey Perry 40 1 2 2
Penalty Kill - 3 Players Defense
Defense Defense Time % Phy DF OF
1 Jack Johnson Marc Staal 60 1 2 2
2 Pernell Karl Subban Jay Bouwmeester 40 1 2 2
4 vs 4 Forward
Center Wing Time % Phy DF OF
1 Bryan Little Corey Perry 60 1 2 2
2 Mikkel Boedker Andrei Kostitsyn 40 1 2 2
4 vs 4 Defense
Defense Defense Time % Phy DF OF
1 Jack Johnson Marc Staal 60 1 2 2
2 Pernell Karl Subban Jay Bouwmeester 40 1 2 2
Last Minutes Offensive
Center Left Wing Right Wing Defense Defense
Bryan Little Mikkel Boedker Corey Perry Jack Johnson Marc Staal
Last Minutes Defensive
Center Left Wing Right Wing Defense Defense
Bryan Little Mikkel Boedker Corey Perry Jack Johnson Marc Staal
Goaltenders
Starting : Semyon Varlamov
Backup : Dan Ellis
Extra Forwards
Normal : Mike Comrie, Andrew Ladd, Alexander Radulov - PP : Mike Comrie, Andrew Ladd - PK : Alexander Radulov
Extra Defensemen
Normal : Mark Giordano, Matt Lashoff, Pernell Karl Subban - PP : Mark Giordano - PK : Matt Lashoff, Pernell Karl Subban
Penalty Shots
Bryan Little, Corey Perry, Mikkel Boedker, Andrei Kostitsyn, Paul Stastny
Scratches
Johnny Boychuk (Left Hand Injury)
% Time on Ice - Senateurs
Lines # - Real PCT - Wanted PCT - Time Play
Normal Forward
1 - 32% - 40% - 12:44
2 - 30% - 30% - 12:11
3 - 30% - 20% - 11:59
4 - 8% - 10% - 3:07
Normal Defense
1 - 42% - 40% - 16:41
2 - 28% - 30% - 11:06
3 - 16% - 20% - 6:33
4 - 14% - 10% - 5:41
PP Forward
1 - 59% - 60% - 3:37
2 - 41% - 40% - 2:29
PP Defense
1 - 65% - 60% - 3:58
2 - 35% - 40% - 2:08
PK Forward
1 - 68% - 60% - 8:40
2 - 32% - 40% - 4:06
PK Defense
1 - 51% - 60% - 6:27
2 - 49% - 40% - 6:19
PK3 Forward
1 - 0% - 60%
2 - 0% - 40%
PK3 Defense
1 - 0% - 60%
2 - 0% - 40%
44 Forward
1 - 82% - 60% - 0:55
2 - 18% - 40% - 0:12
44 Defense
1 - 82% - 60% - 0:55
2 - 18% - 40% - 0:12
Last Minute Offensive - 0:00
Last Minute Defensive - 0:00
Total
Forward - 60:00
Defense - 60:00
|
% Time on Ice - Avalanche
Lines # - Real PCT - Wanted PCT - Time Play
Normal Forward
1 - 33% - 40% - 13:11
2 - 25% - 30% - 9:54
3 - 24% - 20% - 9:33
4 - 18% - 10% - 7:23
Normal Defense
1 - 39% - 40% - 15:26
2 - 35% - 30% - 14:07
3 - 26% - 20% - 10:28
4 - 0% - 10% - 0:00
PP Forward
1 - 58% - 60% - 7:24
2 - 42% - 40% - 5:22
PP Defense
1 - 58% - 60% - 7:25
2 - 42% - 40% - 5:21
PK Forward
1 - 79% - 60% - 4:49
2 - 21% - 40% - 1:17
PK Defense
1 - 62% - 60% - 3:46
2 - 38% - 40% - 2:20
PK3 Forward
1 - 0% - 60%
2 - 0% - 40%
PK3 Defense
1 - 0% - 60%
2 - 0% - 40%
44 Forward
1 - 87% - 60% - 0:58
2 - 13% - 40% - 0:09
44 Defense
1 - 100% - 60% - 1:07
2 - 0% - 40% - 0:00
Last Minute Offensive - 0:00
Last Minute Defensive - 0:00
Total
Forward - 60:00
Defense - 60:00
|
Play by Play
1st period
0:01 of 1st period - Mikkel Boedker wins face-off versus Brenden Morrow in neutral zone.
0:14 of 1st period - Snap shot by Brenden Morrow.
0:14 of 1st period - Stopped by Semyon Varlamov without a rebound.
0:15 of 1st period - Ramzi Abid wins face-off versus Paul Stastny in Avalanche zone.
0:16 of 1st period - Wrist shot by B.J. Crombeen.
0:16 of 1st period - Stopped by Semyon Varlamov with a rebound.
0:22 of 1st period - Snap shot by Andrei Kostitsyn.
0:22 of 1st period - Stopped by Jeff Deslauriers with a rebound.
0:24 of 1st period - Slapshot by Jay Bouwmeester.
0:24 of 1st period - Shot Blocked by Ramzi Abid.
1:20 of 1st period - Minor Penalty to Brenden Morrow for Hooking.
1:21 of 1st period - Evgeni Malkin wins face-off versus Corey Perry in Senateurs zone.
3:20 of 1st period - Penalty to Brenden Morrow is over, Brenden Morrow is back on ice.
3:51 of 1st period - Wrist shot by Andrew Ladd.
3:51 of 1st period - Shot Misses the Net.
3:57 of 1st period - Kurtis Foster is hit by Andrew Ladd.
4:09 of 1st period - B.J. Crombeen is hit by Cory Emmerton and loses puck.
4:24 of 1st period - Minor Penalty to Brandon Dubinsky for High sticking.
4:25 of 1st period - Bryan Little wins face-off versus Evgeni Malkin in Senateurs zone.
4:28 of 1st period - Snap shot by Bryan Little.
4:28 of 1st period - Shot Misses the Net.
4:30 of 1st period - Backhand shot by Mikkel Boedker.
4:30 of 1st period - Shot Blocked by Brenden Morrow.
4:40 of 1st period - Wrist shot by Bryan Little.
4:40 of 1st period - Stopped by Jeff Deslauriers with a rebound.
4:42 of 1st period - Snap shot by Mikkel Boedker.
4:42 of 1st period - Stopped by Jeff Deslauriers without a rebound.
4:43 of 1st period - Johan Franzen wins face-off versus Paul Stastny in Senateurs zone.
4:43 of 1st period - Johan Franzen is hit by Jack Johnson.
5:09 of 1st period - Johan Franzen is hit by Mikkel Boedker and loses puck.
5:14 of 1st period - Wrist shot by Mikkel Boedker.
5:14 of 1st period - Stopped by Jeff Deslauriers without a rebound.
5:15 of 1st period - Bryan Little wins face-off versus Evgeni Malkin in Senateurs zone.
6:23 of 1st period - Marc Staal is hit by Kurtis Foster and loses puck.
6:24 of 1st period - Penalty to Brandon Dubinsky is over, Brandon Dubinsky is back on ice.
7:49 of 1st period - Paul Stastny is hit by Johan Franzen and loses puck.
8:00 of 1st period - Snap shot by Andrei Kostitsyn.
8:00 of 1st period - Shot Misses the Net.
8:02 of 1st period - Slapshot by Marc Staal.
8:02 of 1st period - Stopped by Jeff Deslauriers with a rebound.
8:04 of 1st period - Backhand shot by Jack Johnson.
8:04 of 1st period - Deflect By Alexander Radulov.
8:04 of 1st period - Stopped by Jeff Deslauriers without a rebound.
8:05 of 1st period - Cody Hodgson wins face-off versus Mike Comrie in Senateurs zone.
8:18 of 1st period - Slapshot by Alexander Radulov.
8:18 of 1st period - Shot Misses the Net.
8:20 of 1st period - Slapshot by Jay Bouwmeester.
8:20 of 1st period - Deflect By Dan Hamhuis.
8:20 of 1st period - Stopped by Jeff Deslauriers without a rebound.
8:21 of 1st period - Mikkel Boedker wins face-off versus Brenden Morrow in Senateurs zone.
8:48 of 1st period - Brandon Dubinsky is hit by Andrei Kostitsyn and loses puck.
8:57 of 1st period - Snap shot by Pascal Dupuis.
8:57 of 1st period - Stopped by Semyon Varlamov without a rebound.
8:58 of 1st period - Bryan Little wins face-off versus Cody Hodgson in Avalanche zone.
9:55 of 1st period - Wrist shot by Alexander Radulov.
9:55 of 1st period - Stopped by Jeff Deslauriers with a rebound.
10:10 of 1st period - Off-side.
10:11 of 1st period - Mikkel Boedker wins face-off versus Cody Hodgson in neutral zone.
10:20 of 1st period - Wrist shot by Ramzi Abid.
10:20 of 1st period - Shot Misses the Net.
11:08 of 1st period - Slapshot by Andrew Ladd.
11:08 of 1st period - Shot Misses the Net.
11:45 of 1st period - Off-side.
11:46 of 1st period - Bryan Little wins face-off versus Evgeni Malkin in neutral zone.
11:54 of 1st period - Snap shot by Bryan Little.
11:54 of 1st period - Goal by Bryan Little - Senateurs : 0 - Avalanche : 1.
11:55 of 1st period - Mikkel Boedker wins face-off versus Evgeni Malkin in neutral zone.
12:41 of 1st period - Icing by Paul Stastny.
12:42 of 1st period - Brandon Dubinsky wins face-off versus Mike Comrie in Avalanche zone.
13:06 of 1st period - Icing by Andrew Ladd.
13:07 of 1st period - Bryan Little wins face-off versus Evgeni Malkin in Avalanche zone.
13:42 of 1st period - Snap shot by B.J. Crombeen.
13:42 of 1st period - Shot Misses the Net.
14:15 of 1st period - Wrist shot by Brenden Morrow.
14:15 of 1st period - Deflect By Jack Johnson.
14:15 of 1st period - Shot Misses the Net.
14:15 of 1st period - Puck is out of play.
14:16 of 1st period - Cory Emmerton wins face-off versus Evgeni Malkin in Avalanche zone.
14:23 of 1st period - Snap shot by Johan Franzen.
14:23 of 1st period - Stopped by Semyon Varlamov without a rebound.
14:24 of 1st period - Evgeni Malkin wins face-off versus Bryan Little in Avalanche zone.
14:25 of 1st period - Snap shot by Johan Franzen.
14:25 of 1st period - Shot Blocked by Marc Staal.
14:27 of 1st period - Wrist shot by Evgeni Malkin.
14:27 of 1st period - Shot Misses the Net.
14:29 of 1st period - Slapshot by Dan Girardi.
14:29 of 1st period - Shot Blocked by Marc Staal.
14:31 of 1st period - Slapshot by Dan Girardi.
14:31 of 1st period - Stopped by Semyon Varlamov with a rebound.
15:11 of 1st period - Dan Girardi is hit by Ryan Smyth and loses puck.
16:02 of 1st period - Snap shot by Brandon Yip.
16:02 of 1st period - Stopped by Jeff Deslauriers without a rebound.
16:03 of 1st period - Brandon Dubinsky wins face-off versus Bryan Little in Senateurs zone.
16:47 of 1st period - Icing by Johan Franzen.
16:48 of 1st period - Evgeni Malkin wins face-off versus Bryan Little in Senateurs zone.
17:01 of 1st period - Slapshot by Brenden Morrow.
17:01 of 1st period - Stopped by Semyon Varlamov without a rebound.
17:02 of 1st period - Bryan Little wins face-off versus Cody Hodgson in Avalanche zone.
17:02 of 1st period - Bryan Little is hit by B.J. Crombeen.
17:18 of 1st period - Jack Johnson is hit by B.J. Crombeen and loses puck.
17:38 of 1st period - Snap shot by Brandon Yip.
17:38 of 1st period - Shot Misses the Net.
17:46 of 1st period - Jay Bouwmeester is hit by Cody Franson and loses puck.
18:32 of 1st period - Slapshot by Kurtis Foster.
18:32 of 1st period - Shot Blocked by Jack Johnson.
18:37 of 1st period - Minor Penalty to B.J. Crombeen for Tripping.
18:38 of 1st period - Evgeni Malkin wins face-off versus Bryan Little in Senateurs zone.
18:43 of 1st period - Icing by Bryan Little.
18:44 of 1st period - Evgeni Malkin wins face-off versus Bryan Little in Avalanche zone.
18:53 of 1st period - Slapshot by Evgeni Malkin.
18:53 of 1st period - Stopped by Semyon Varlamov without a rebound.
18:54 of 1st period - Bryan Little wins face-off versus Evgeni Malkin in Avalanche zone.
Goals for this period are 0 for Senateurs vs 1 for Avalanche.
Shots for this period are 7 for Senateurs vs 10 for Avalanche.
2nd period
0:01 of 2nd period - Evgeni Malkin wins face-off versus Bryan Little in neutral zone.
0:08 of 2nd period - Slapshot by Brenden Morrow.
0:08 of 2nd period - Stopped by Semyon Varlamov without a rebound.
0:09 of 2nd period - Bryan Little wins face-off versus Evgeni Malkin in Avalanche zone.
0:30 of 2nd period - Slapshot by Corey Perry.
0:30 of 2nd period - Stopped by Jeff Deslauriers without a rebound.
0:31 of 2nd period - Evgeni Malkin wins face-off versus Paul Stastny in Senateurs zone.
0:37 of 2nd period - Penalty to B.J. Crombeen is over, B.J. Crombeen is back on ice.
0:42 of 2nd period - Snap shot by Andrei Kostitsyn.
0:42 of 2nd period - Stopped by Jeff Deslauriers with a rebound.
0:48 of 2nd period - Slapshot by Jack Johnson.
0:48 of 2nd period - Shot Blocked by Brenden Morrow.
1:11 of 2nd period - Snap shot by Brandon Dubinsky.
1:11 of 2nd period - Stopped by Semyon Varlamov without a rebound.
1:12 of 2nd period - Paul Stastny wins face-off versus Cody Hodgson in Avalanche zone.
1:36 of 2nd period - Icing by Paul Stastny.
1:37 of 2nd period - Bryan Little wins face-off versus Evgeni Malkin in Avalanche zone.
1:37 of 2nd period - Bryan Little is hit by Evgeni Malkin.
1:53 of 2nd period - Snap shot by Mikkel Boedker.
1:53 of 2nd period - Stopped by Jeff Deslauriers with a rebound.
1:56 of 2nd period - Minor Penalty to Brenden Morrow for Hooking.
1:57 of 2nd period - Bryan Little wins face-off versus Evgeni Malkin in Senateurs zone.
1:58 of 2nd period - Wrist shot by Mikkel Boedker.
1:58 of 2nd period - Shot Misses the Net.
2:00 of 2nd period - Slapshot by Corey Perry.
2:00 of 2nd period - Stopped by Jeff Deslauriers with a rebound.
2:02 of 2nd period - Slapshot by Marc Staal.
2:02 of 2nd period - Shot Blocked by Evgeni Malkin.
2:04 of 2nd period - Snap shot by Jack Johnson.
2:04 of 2nd period - Shot Blocked by Kurtis Foster.
2:06 of 2nd period - Slapshot by Jack Johnson.
2:06 of 2nd period - Stopped by Jeff Deslauriers without a rebound.
2:07 of 2nd period - Evgeni Malkin wins face-off versus Bryan Little in Senateurs zone.
2:16 of 2nd period - Kurtis Foster is hit by Corey Perry and loses puck.
2:35 of 2nd period - Snap shot by Mikkel Boedker.
2:35 of 2nd period - Stopped by Jeff Deslauriers with a rebound.
2:37 of 2nd period - Slapshot by Jack Johnson.
2:37 of 2nd period - Stopped by Jeff Deslauriers without a rebound.
2:38 of 2nd period - Evgeni Malkin wins face-off versus Paul Stastny in Senateurs zone.
3:25 of 2nd period - Slapshot by Jay Bouwmeester.
3:25 of 2nd period - Shot Misses the Net.
3:56 of 2nd period - Penalty to Brenden Morrow is over, Brenden Morrow is back on ice.
5:35 of 2nd period - Snap shot by Andrew Ladd.
5:35 of 2nd period - Stopped by Jeff Deslauriers without a rebound.
5:36 of 2nd period - Mike Comrie wins face-off versus Brandon Dubinsky in Senateurs zone.
6:02 of 2nd period - Snap shot by Ramzi Abid.
6:02 of 2nd period - Shot Misses the Net.
6:04 of 2nd period - Slapshot by Carlo Colaiacovo.
6:04 of 2nd period - Stopped by Semyon Varlamov with a rebound.
6:06 of 2nd period - Wrist shot by B.J. Crombeen.
6:06 of 2nd period - Shot Misses the Net.
6:08 of 2nd period - Slapshot by Cody Franson.
6:08 of 2nd period - Shot Blocked by Jay Bouwmeester.
6:10 of 2nd period - Slapshot by Cody Franson.
6:10 of 2nd period - Deflect By Ramzi Abid.
6:10 of 2nd period - Shot Misses the Net.
6:10 of 2nd period - Puck is out of play.
6:11 of 2nd period - Evgeni Malkin wins face-off versus Paul Stastny in Avalanche zone.
6:22 of 2nd period - Snap shot by Andrei Kostitsyn.
6:22 of 2nd period - Shot Blocked by Kurtis Foster.
6:47 of 2nd period - Snap shot by Mikkel Boedker.
6:47 of 2nd period - Stopped by Jeff Deslauriers with a rebound.
7:05 of 2nd period - Wrist shot by Brandon Dubinsky.
7:05 of 2nd period - Shot Blocked by Mike Comrie.
7:07 of 2nd period - Slapshot by Carlo Colaiacovo.
7:07 of 2nd period - Shot Blocked by Jay Bouwmeester.
7:09 of 2nd period - Slapshot by Cody Franson.
7:09 of 2nd period - Stopped by Semyon Varlamov with a rebound.
8:03 of 2nd period - Snap shot by Mikkel Boedker.
8:03 of 2nd period - Shot Misses the Net.
8:05 of 2nd period - Slapshot by Mikkel Boedker.
8:05 of 2nd period - Shot Misses the Net.
8:07 of 2nd period - Slapshot by Jay Bouwmeester.
8:07 of 2nd period - Shot Blocked by Sergei Kostitsyn.
8:09 of 2nd period - Wrist shot by Mikkel Boedker.
8:09 of 2nd period - Stopped by Jeff Deslauriers without a rebound.
8:10 of 2nd period - Cody Hodgson wins face-off versus Bryan Little in Senateurs zone.
8:12 of 2nd period - Minor Penalty to Cody Franson for Interference.
8:13 of 2nd period - Evgeni Malkin wins face-off versus Bryan Little in Senateurs zone.
8:13 of 2nd period - Evgeni Malkin is hit by Bryan Little.
10:12 of 2nd period - Penalty to Cody Franson is over, Cody Franson is back on ice.
10:36 of 2nd period - Minor Penalty to Ryan Smyth for Hooking.
10:37 of 2nd period - Evgeni Malkin wins face-off versus Bryan Little in Avalanche zone.
10:47 of 2nd period - Wrist shot by Brenden Morrow.
10:47 of 2nd period - Deflect By Johan Franzen.
10:47 of 2nd period - Shot Misses the Net.
10:47 of 2nd period - Puck is out of play.
10:48 of 2nd period - Bryan Little wins face-off versus Evgeni Malkin in Avalanche zone.
12:36 of 2nd period - Penalty to Ryan Smyth is over, Ryan Smyth is back on ice.
12:58 of 2nd period - Wrist shot by Bryan Little.
12:58 of 2nd period - Shot Misses the Net.
13:16 of 2nd period - Pascal Dupuis is hit by Mike Comrie and loses puck.
16:31 of 2nd period - Jack Johnson is hit by Cody Hodgson and loses puck.
19:33 of 2nd period - Snap shot by Andrei Kostitsyn.
19:33 of 2nd period - Stopped by Jeff Deslauriers with a rebound.
19:35 of 2nd period - Slapshot by Matt Lashoff.
19:35 of 2nd period - Shot Misses the Net.
19:37 of 2nd period - Slapshot by Paul Stastny.
19:37 of 2nd period - Shot Blocked by Cody Hodgson.
19:39 of 2nd period - Slapshot by Matt Lashoff.
19:39 of 2nd period - Stopped by Jeff Deslauriers with a rebound.
19:41 of 2nd period - Snap shot by Mark Giordano.
19:41 of 2nd period - Stopped by Jeff Deslauriers with a rebound.
Goals for this period are 0 for Senateurs vs 0 for Avalanche.
Shots for this period are 4 for Senateurs vs 13 for Avalanche.
3rd period
0:01 of 3rd period - Evgeni Malkin wins face-off versus Bryan Little in neutral zone.
0:04 of 3rd period - Snap shot by Johan Franzen.
0:04 of 3rd period - Stopped by Semyon Varlamov with a rebound.
0:26 of 3rd period - Dan Hamhuis is hit by Andrei Kostitsyn and loses puck.
0:35 of 3rd period - Wrist shot by Paul Stastny.
0:35 of 3rd period - Deflect By Brandon Yip.
0:35 of 3rd period - Stopped by Jeff Deslauriers with a rebound.
0:37 of 3rd period - Wrist shot by Paul Stastny.
0:37 of 3rd period - Stopped by Jeff Deslauriers without a rebound.
0:38 of 3rd period - Bryan Little wins face-off versus Evgeni Malkin in Senateurs zone.
1:00 of 3rd period - Minor Penalty to Mikkel Boedker for Cross-checking.
1:01 of 3rd period - Bryan Little wins face-off versus Evgeni Malkin in Avalanche zone.
1:10 of 3rd period - Marc Staal is hit by Evgeni Malkin and loses puck.
1:31 of 3rd period - Slapshot by Ramzi Abid.
1:31 of 3rd period - Stopped by Semyon Varlamov with a rebound.
1:33 of 3rd period - Slapshot by Carlo Colaiacovo.
1:33 of 3rd period - Shot Misses the Net.
1:35 of 3rd period - Slapshot by Carlo Colaiacovo.
1:35 of 3rd period - Stopped by Semyon Varlamov without a rebound.
1:36 of 3rd period - Evgeni Malkin wins face-off versus Bryan Little in Avalanche zone.
1:39 of 3rd period - Slapshot by Evgeni Malkin.
1:39 of 3rd period - Stopped by Semyon Varlamov with a rebound.
1:41 of 3rd period - Wrist shot by Brenden Morrow.
1:41 of 3rd period - Goal by Brenden Morrow - Senateurs : 1 - Avalanche : 1.
1:42 of 3rd period - Evgeni Malkin wins face-off versus Bryan Little in neutral zone.
2:26 of 3rd period - Icing by Sergei Kostitsyn.
2:27 of 3rd period - Mike Comrie wins face-off versus Brandon Dubinsky in Senateurs zone.
2:50 of 3rd period - Snap shot by Pascal Dupuis.
2:50 of 3rd period - Shot Misses the Net.
2:52 of 3rd period - Wrist shot by Brandon Dubinsky.
2:52 of 3rd period - Stopped by Semyon Varlamov without a rebound.
2:53 of 3rd period - Evgeni Malkin wins face-off versus Paul Stastny in Avalanche zone.
2:57 of 3rd period - Minor Penalty to Paul Stastny for Cross-checking.
2:58 of 3rd period - Evgeni Malkin wins face-off versus Bryan Little in Avalanche zone.
2:58 of 3rd period - Snap shot by Brenden Morrow.
2:58 of 3rd period - Shot Misses the Net.
3:00 of 3rd period - Slapshot by Evgeni Malkin.
3:00 of 3rd period - Shot Blocked by Marc Staal.
3:02 of 3rd period - Slapshot by Brenden Morrow.
3:02 of 3rd period - Stopped by Semyon Varlamov without a rebound.
3:03 of 3rd period - Brenden Morrow wins face-off versus Bryan Little in Avalanche zone.
3:08 of 3rd period - Snap shot by Brenden Morrow.
3:08 of 3rd period - Stopped by Semyon Varlamov with a rebound.
3:10 of 3rd period - Slapshot by Kurtis Foster.
3:10 of 3rd period - Stopped by Semyon Varlamov with a rebound.
3:12 of 3rd period - Slapshot by Kurtis Foster.
3:12 of 3rd period - Shot Blocked by Marc Staal.
3:14 of 3rd period - Slapshot by Kurtis Foster.
3:14 of 3rd period - Deflect By Evgeni Malkin.
3:14 of 3rd period - Goal by Evgeni Malkin - Senateurs : 2 - Avalanche : 1.
3:15 of 3rd period - Mikkel Boedker wins face-off versus Evgeni Malkin in neutral zone.
3:20 of 3rd period - Marc Staal is hit by Evgeni Malkin and loses puck.
3:51 of 3rd period - Snap shot by Andrei Kostitsyn.
3:51 of 3rd period - Shot Blocked by Kurtis Foster.
3:53 of 3rd period - Snap shot by Marc Staal.
3:53 of 3rd period - Shot Misses the Net.
3:59 of 3rd period - Minor Penalty to Ramzi Abid for Roughing.
4:00 of 3rd period - Evgeni Malkin wins face-off versus Bryan Little in Senateurs zone.
4:00 of 3rd period - Evgeni Malkin is hit by Mikkel Boedker.
4:34 of 3rd period - Wrist shot by Andrei Kostitsyn.
4:34 of 3rd period - Stopped by Jeff Deslauriers without a rebound.
4:35 of 3rd period - Bryan Little wins face-off versus Johan Franzen in Senateurs zone.
4:46 of 3rd period - Snap shot by Mikkel Boedker.
4:46 of 3rd period - Stopped by Jeff Deslauriers without a rebound.
4:47 of 3rd period - Bryan Little wins face-off versus Brenden Morrow in Senateurs zone.
5:59 of 3rd period - Penalty to Ramzi Abid is over, Ramzi Abid is back on ice.
6:27 of 3rd period - Kurtis Foster is hit by Cory Emmerton and loses puck.
6:34 of 3rd period - Chuck Kobasew is hit by Sergei Kostitsyn and loses puck.
6:55 of 3rd period - Slapshot by Evgeni Malkin.
6:55 of 3rd period - Stopped by Semyon Varlamov with a rebound.
6:57 of 3rd period - Slapshot by Dan Hamhuis.
6:57 of 3rd period - Deflect By Ramzi Abid.
6:57 of 3rd period - Goal by Ramzi Abid - Senateurs : 3 - Avalanche : 1.
6:58 of 3rd period - Bryan Little wins face-off versus Cody Hodgson in neutral zone.
7:25 of 3rd period - Mikkel Boedker is hit by Carlo Colaiacovo and loses puck.
7:54 of 3rd period - Slapshot by Bryan Little.
7:54 of 3rd period - Stopped by Jeff Deslauriers with a rebound.
7:56 of 3rd period - Snap shot by Mikkel Boedker.
7:56 of 3rd period - Shot Misses the Net.
7:58 of 3rd period - Snap shot by Corey Perry.
7:58 of 3rd period - Stopped by Jeff Deslauriers without a rebound.
7:59 of 3rd period - Cody Hodgson wins face-off versus Andrei Kostitsyn in Senateurs zone.
8:58 of 3rd period - Snap shot by Chuck Kobasew.
8:58 of 3rd period - Stopped by Jeff Deslauriers with a rebound.
9:33 of 3rd period - Slapshot by Bryan Little.
9:33 of 3rd period - Deflect By Mikkel Boedker.
9:33 of 3rd period - Stopped by Jeff Deslauriers without a rebound.
9:34 of 3rd period - Bryan Little wins face-off versus David Krejci in Senateurs zone.
9:59 of 3rd period - Marc Staal is hit by Brandon Dubinsky.
10:13 of 3rd period - Slapshot by Corey Perry.
10:13 of 3rd period - Shot Misses the Net.
11:12 of 3rd period - Ryan Smyth is hit by Brandon Dubinsky and loses puck.
12:11 of 3rd period - Cody Franson is hit by Brandon Yip and loses puck.
12:44 of 3rd period - Minor Penalty to Matt Lashoff for Hooking.
12:45 of 3rd period - Evgeni Malkin wins face-off versus Bryan Little in Avalanche zone.
12:53 of 3rd period - Wrist shot by Evgeni Malkin.
12:53 of 3rd period - Shot Misses the Net.
13:36 of 3rd period - Minor Penalty to Cody Franson for Roughing.
13:37 of 3rd period - Bryan Little wins face-off versus Evgeni Malkin in Senateurs zone.
13:44 of 3rd period - Snap shot by Corey Perry.
13:44 of 3rd period - Stopped by Jeff Deslauriers without a rebound.
13:45 of 3rd period - Bryan Little wins face-off versus Evgeni Malkin in Senateurs zone.
13:52 of 3rd period - Wrist shot by Bryan Little.
13:52 of 3rd period - Shot Blocked by Brenden Morrow.
13:54 of 3rd period - Slapshot by Jack Johnson.
13:54 of 3rd period - Shot Blocked by Brenden Morrow.
13:56 of 3rd period - Snap shot by Bryan Little.
13:56 of 3rd period - Deflect By Dan Hamhuis.
13:56 of 3rd period - Stopped by Jeff Deslauriers without a rebound.
13:57 of 3rd period - Bryan Little wins face-off versus Evgeni Malkin in Senateurs zone.
14:22 of 3rd period - Jack Johnson is hit by Dan Hamhuis.
14:44 of 3rd period - Penalty to Matt Lashoff is over, Matt Lashoff is back on ice.
14:44 of 3rd period - Slapshot by Johan Franzen.
14:44 of 3rd period - Shot Misses the Net.
14:46 of 3rd period - Wrist shot by Johan Franzen.
14:46 of 3rd period - Stopped by Semyon Varlamov without a rebound.
14:47 of 3rd period - Paul Stastny wins face-off versus Evgeni Malkin in Avalanche zone.
14:52 of 3rd period - Slapshot by Jay Bouwmeester.
14:52 of 3rd period - Stopped by Jeff Deslauriers with a rebound.
14:54 of 3rd period - Backhand shot by Jay Bouwmeester.
14:54 of 3rd period - Deflect By Andrei Kostitsyn.
14:54 of 3rd period - Stopped by Jeff Deslauriers with a rebound.
15:36 of 3rd period - Penalty to Cody Franson is over, Cody Franson is back on ice.
15:44 of 3rd period - Wrist shot by Sergei Kostitsyn.
15:44 of 3rd period - Shot Misses the Net.
16:12 of 3rd period - Wrist shot by Brandon Dubinsky.
16:12 of 3rd period - Stopped by Semyon Varlamov without a rebound.
16:13 of 3rd period - Cory Emmerton wins face-off versus Cody Hodgson in Avalanche zone.
16:26 of 3rd period - Wrist shot by Ramzi Abid.
16:26 of 3rd period - Shot Misses the Net.
16:54 of 3rd period - Snap shot by Andrew Ladd.
16:54 of 3rd period - Shot Misses the Net.
16:56 of 3rd period - Wrist shot by Alexander Radulov.
16:56 of 3rd period - Stopped by Jeff Deslauriers with a rebound.
16:58 of 3rd period - Slapshot by Matt Lashoff.
16:58 of 3rd period - Deflect By Mike Comrie.
16:58 of 3rd period - Stopped by Jeff Deslauriers with a rebound.
17:14 of 3rd period - Brandon Dubinsky is hit by Mikkel Boedker and loses puck.
17:21 of 3rd period - Pascal Dupuis is hit by Jay Bouwmeester and loses puck.
17:42 of 3rd period - Double Minor Penalty to Andrei Kostitsyn for Boarding.
17:43 of 3rd period - Bryan Little wins face-off versus Brenden Morrow in Avalanche zone.
17:54 of 3rd period - Snap shot by Corey Perry.
17:54 of 3rd period - Shot Blocked by Evgeni Malkin.
18:14 of 3rd period - Slapshot by B.J. Crombeen.
18:14 of 3rd period - Shot Misses the Net.
18:16 of 3rd period - Slapshot by B.J. Crombeen.
18:16 of 3rd period - Shot Misses the Net.
19:13 of 3rd period - Kurtis Foster is hit by Mikkel Boedker and loses puck.
Goals for this period are 3 for Senateurs vs 0 for Avalanche.
Shots for this period are 14 for Senateurs vs 14 for Avalanche.
Back to the Top